 Dungeon Crawl Stone Soup version 0.29-a0-541-gaf1fc19f1b (webtiles) character file.

Game seed: 10164444955925995368

31 Hubjo the Firebug (level 3, -5/20 HPs)
             Began as a Deep Elf Fire Elementalist on June 2, 2022.
             Was a Follower of Kikubaaqudgha.
             Slain by Terence
             ... wielding a +0 mace
              (9 damage)
             ... on level 2 of the Dungeon.
             The game lasted 00:03:40 (2766 turns).

Hubjo the Firebug (Deep Elf Fire Elementalist)      Turns: 2766, Time: 00:03:40

Health: -5/20      AC:  2    Str:  5    XL:     3   Next: 7%
Magic:  1/9        EV: 12    Int: 21    God:    Kikubaaqudgha [*.....]
Gold:   48         SH:  0    Dex: 15    Spells: 7/8 levels left

rFire   . . .      SeeInvis +   (no weapon)
rCold   . . .      Faith    .   (no shield)
rNeg    . . .      Spirit   .   a - +0 robe
rPois   .          Reflect  .   (no helmet)
rElec   .          Harm     .   (no cloak)
rCorr   .          Rampage  .   (no gloves)
Will    .....                   (no boots)
Stlth   ++........              (no amulet)
HPRegen 0.06/turn               d - ring of see invisible
MPRegen 0.11/turn               (no ring)

@: no status effects
A: no striking features
a: Renounce Religion, Unearth Wretches


You were on level 2 of the Dungeon.
You worshipped Kikubaaqudgha.
Kikubaaqudgha was aware of your devotion.
You visited 1 branch of the dungeon, and saw 2 of its levels.

You collected 48 gold pieces.

Inventory:

Armour
 a - a +0 robe (worn)
Jewellery
 d - a ring of see invisible (left hand)
Scrolls
 c - 3 scrolls of identify {unknown}
 e - a scroll of noise {unknown}


   Skills:
 * Level 1.2 Fighting
 - Level 2.4 Dodging
 + Level 3.0 Stealth
 + Level 3.4 Spellcasting
 - Level 1.1 Conjurations
 + Level 0.0 Necromancy
 + Level 3.5 Fire Magic


You had 7 spell levels left.
You knew the following spells:

 Your Spells              Type           Power      Damage    Failure   Level
a - Foxfire               Conj/Fire      52%        2x1d6     4%          1

Your spell library contained the following spells:

 Spells                   Type           Power      Damage    Failure   Level
 Scorch                   Fire           36%        2d7       4%          2
 Necrotize                Necr           12%        1d4       12%         1
 Conjure Flame            Conj/Fire      13%        6-21      14%         3
 Inner Flame              Hex/Fire       11%        N/A       19%         3
 Vampiric Draining        Necr           3%         2d6       36%         3
 Flame Wave               Conj/Fire      13%        2d6       43%         4
 Anguish                  Hex/Necr       1%         N/A       77%         4
 Animate Dead             Necr           3%         N/A       77%         4


Dungeon Overview and Level Annotations

Branches:
Dungeon (2/15)

Altars:
Kikubaaqudgha

Annotations:
D:2 Terence


Message History

The foxfire hits Terence.
Terence resists.
Terence is moderately wounded.
Casting: Foxfire (safe; 4% risk of failure)
Confirm with . or Enter, or press ? or * to list all spells.
You conjure some foxfire!
The foxfire hits Terence.
Terence resists.
Terence is moderately wounded.
The foxfire hits Terence but does no damage.
Terence is moderately wounded.
Casting: Foxfire (safe; 4% risk of failure)
Confirm with . or Enter, or press ? or * to list all spells.
You don't know that spell.
Okay, then.
Casting: Foxfire (safe; 4% risk of failure)
Confirm with . or Enter, or press ? or * to list all spells.
You conjure some foxfire!
The foxfire hits Terence but does no damage.
Terence is moderately wounded.
The foxfire hits Terence but does no damage.
Terence is moderately wounded.
Terence says, "Don't bother to defend, it's pointless."
Casting: Foxfire (safe; 4% risk of failure)
Confirm with . or Enter, or press ? or * to list all spells.
You conjure some foxfire!
The foxfire hits Terence but does no damage.
Terence is moderately wounded.
The foxfire hits Terence but does no damage.
Terence is moderately wounded.
A hobgoblin comes into view.
The hobgoblin shouts!
Kikubaaqudgha calls piteous wretches from the earth!
A bat comes into view.
The foxfire hits Terence but does no damage.
Terence is moderately wounded.
The foxfire hits Terence but does no damage.
Terence is moderately wounded.
Casting: Foxfire (safe; 4% risk of failure)
Confirm with . or Enter, or press ? or * to list all spells.
You conjure some foxfire!
Terence hits you with a +0 mace!
You die...
Kikubaaqudgha rasps: "You have failed me!
Welcome... death!"

#.....#.# ......#.#
......#.#######
..#..##.......#
..##.##.......####
.#...............# #
.#....ยง........#.##.#.#
.###..###.####.#..g...##
...............@@vb.....
#####...#.##.$...v#....#
........#.##......# #.#
.##.<...#.##......#
.######.#.........# ..
..####......# ... ..
........ ..# ##
#######.#


You could see Terence, a hobgoblin (paralysed, ally target) and a bat
(paralysed, ally target).

Vanquished Creatures
  3 endoplasms (D:1)
  A giant cockroach (D:1)
  3 goblins (D:1)
  3 hobgoblins (D:1)
  2 kobolds (D:1)
  A quokka (D:1)
  5 ball pythons
  6 bats
  2 frilled lizards (D:1)
  2 rats (D:1)
28 creatures vanquished.

Vanquished Creatures (others)
  198 foxfires
198 creatures vanquished.

Grand Total: 226 creatures vanquished

Notes
Turn   | Place    | Note
-------+----------+-------------------------------------------
     0 | D:1      | Hubjo the Deep Elf Fire Elementalist began the quest for
                  | the Orb.
     0 | D:1      | Reached XP level 1. HP: 10/10 MP: 6/6
   626 | D:1      | Reached XP level 2. HP: 11/16 MP: 5/8
  1216 | D:1      | Reached skill level 1 in Fighting
  1666 | D:1      | Found a faded altar of an unknown god.
  1999 | D:1      | Prayed at the altar of an unknown god.
  1999 | D:1      | Became a worshipper of Kikubaaqudgha
  1999 | D:1      | Reached * piety under Kikubaaqudgha
  1999 | D:1      | Received a gift from Kikubaaqudgha
  2568 | D:2      | Reached XP level 3. HP: 20/20 MP: 3/9
  2745 | D:2      | Noticed Terence
  2766 | D:2      | Slain by Terence

Illustrated notes

Levels and vault maps discovered:
D:1:      dpeg_arrival_round_b, layout_loops_cross, serial_co_window_serial,
          co_window_paths_a, co_window_of_opportunity_a,
          co_window_of_opportunity_a, co_window_of_opportunity_a,
          co_window_of_opportunity_a, co_window_paths_a,
          co_window_of_opportunity_a, co_window_of_opportunity_c,
          co_window_paths_c, co_window_of_opportunity_b,
          co_window_of_opportunity_c, co_window_unsneaky_path_b,
          co_window_corner_b, co_window_4corner_a, glass_columns_b,
          glass_columns_c, glass_columns_a, glass_columns_a,
          ebering_ecumenical_altar_sacrificial, minmay_crystal_room,
          chequers_serial_rivers_micro_e, hangedman_decor_riveting,
          minmay_split_cup_large
D:2:      layout_basic, serial_shops, shop, uniq_terence

Skill      XL: |  1  2 |
---------------+-------+-----
Fighting       | 1 |  1.2
Stealth        | 3 |  3.0
Dodging        | |  2.4
Spellcasting   | |  3.4
Conjurations   | |  1.1
Fire Magic     | |  3.5

Action                   || total
-------------------------++-------
Melee: Unarmed           ||     2
 Cast: Foxfire           ||   131
Invok: Unearth Wretches  ||     1
  Use: Scroll            ||     1
       Potion            ||     1
Armor: Robe              ||     5
Dodge: Dodged            ||    37

Table legend: (Time is in decaauts)
 A = Elapsed time spent in this place.
 B = Non-inter-level travel time spent in this place.
 C = Inter-level travel time spent in this place.
 D = Time resting spent in this place.
 E = Time spent auto-exploring this place.
 F = Levels seen in this place.
 G = Mean time per level.
                   A        B        C        D        E       F      G
               +--------+--------+--------+--------+--------+-----+--------+
         Total |   2765 |   2612 |    153 |      0 |   2333 |   2 | 1382.5 |
       Dungeon |   2765 |   2612 |    153 |      0 |   2333 |   2 | 1382.5 |
               +--------+--------+--------+--------+--------+-----+--------+

Top non-repeatable levels by time:
     D:1: 2483 daAuts
     D:2: 281 daAuts
